 Dungeon Crawl Stone Soup version 0.27-a0-972-gd1521fd518 (webtiles) character file.

Game seed: 9022439265291916143

61709 Jannitor the Protected (level 15, -3/109 HPs)
             Began as a Djinni Warper on Apr 10, 2021.
             Was the Champion of Wu Jian.
             Slain by a sun demon (5 damage)
             ... summoned by an orc high priest
             ... on level 1 of the Orcish Mines on Apr 14, 2021.
             The game lasted 01:14:04 (23361 turns).

Jannitor the Protected (Djinni Warper)             Turns: 23361, Time: 01:14:06

Health: -3/109     AC: 25    Str: 11    XL:     15   Next: 3%
Gold:   454        EV: 17    Int: 24    God:    Wu Jian [******] SH:  5 Dex: 13

rFire    + + .     SeeInvis .   b - +1 dagger (elec)
rCold    + . .     Faith    .   c - +0 buckler
rNeg     + . .     Spirit   +   M - +10 ring mail of Cocytus {+Blink}
rPois    ∞         Reflect  .   R - +2 hat of the Bear Spirit {Spirit, +Rage rN+ Will++}
rElec    +         Harm     .   k - +0 cloak
rCorr    +         Rampage  .   j - +3 pair of gloves of Ratymysehi {Contam rElec rC+}
Will     +++..                  (boots unavailable)
Stlth    +++.......             x - amulet of regeneration
HPRegen  1.28/turn              p - ring "Noduism" {rPois rC+ rCorr Int+4 Stlth-}
MPRegen  0.00/turn              C - +4 ring of evasion

@: flying, hasted, very quick
A: fire resistance 2, cold vulnerability 1, float, innate caster, hp casting,
extra vitality 1
a: Renounce Religion, Evoke Blink, Evoke Berserk Rage, Wall Jump, Serpent's
Lash, Heavenly Storm


You were on level 1 of the Orcish Mines.
You worshipped Wu Jian.
Wu Jian was exalted by your worship.
You visited 3 branches of the dungeon, and saw 19 of its levels.
You also visited: Bailey and Gauntlet.

You collected 1392 gold pieces.
You spent 938 gold pieces at shops.

Inventory:

Hand Weapons
 b - a +1 dagger of electrocution (weapon)
 n - a +1 rapier
 S - a +2 double sword of draining
Missiles
 e - 5 boomerangs of dispersal
 m - 5 boomerangs
 J - 13 silver javelins
 N - a curare-tipped dart (quivered)
Armour
 c - a +0 buckler (worn)
 j - the +3 pair of gloves of Ratymysehi (worn) {Contam rElec rC+}
   (You acquired it on level 7 of the Dungeon)

   It protects you from cold.
   It insulates you from electricity.
   It causes magical contamination when unequipped.
 k - a +0 cloak (worn)
 w - a +2 leather armour of fire resistance
 F - a scarf of invisibility
 L - a +2 kite shield of protection
 M - the +10 ring mail of Cocytus (worn) {+Blink}
   (You took it off a minotaur in a Gauntlet)

   It lets you blink.
 R - the +2 hat of the Bear Spirit (worn) {Spirit, +Rage rN+ Will++}
   (You bought it in a shop on level 6 of the Dungeon)

   It protects you from negative energy.
   It lets you go berserk.
   It greatly increases your willpower.
Jewellery
 g - a ring of willpower
 p - the ring "Noduism" (left hand) {rPois rC+ rCorr Int+4 Stlth-}
   (You found it in a Gauntlet)

   [ring of poison resistance]

   It affects your intelligence (+4).
   It protects you from cold.
   It protects you from poison.
   It protects you from acid and corrosion.
   It makes you less stealthy.
 v - a +4 ring of slaying
 x - an amulet of regeneration (around neck)
 C - a +4 ring of evasion (right hand)
 D - a +6 ring of intelligence
 K - a ring of ice
 U - a ring of protection from fire
 V - a +6 ring of strength
 W - a ring of ice
Wands
 i - a wand of digging (13)
 r - a wand of paralysis (35)
 y - a wand of flame (32)
 H - a wand of mindburst (17)
 I - a wand of acid (41)
Scrolls
 h - 5 scrolls of teleportation
 o - a scroll of fear
 q - a scroll of holy word
 s - 2 scrolls of enchant armour
 t - a scroll of vulnerability
 u - 4 scrolls of noise
 B - a scroll of identify
 P - 2 scrolls of enchant weapon
Potions
 d - a potion of experience
 f - 6 potions of haste
 l - a potion of might
 z - a potion of curing
 A - 5 potions of attraction
 E - 2 potions of mutation
 G - 6 potions of ambrosia
 O - a potion of lignification
 T - a potion of resistance
Miscellaneous
 Q - a condenser vane


   Skills:
 + Level 10.7 Fighting
 + Level 10.9 Short Blades
 - Level 0.9 Throwing
 * Level 11.4 Armour
 - Level 8.6 Dodging
 + Level 9.6 Stealth
 - Level 4.0 Shields
 + Level 10.3 Spellcasting


You couldn't memorise any spells.
You knew the following spells:

 Your Spells              Type           Power      Damage    Failure   Level
a - Blink                 Tloc           N/A        N/A       1%          2
b - Lesser Beckoning      Tloc           29%        N/A       1%          3
c - Gell's Gravitas       Tloc           29%        N/A       1%          3
d - Teleport Other        Tloc           58%        N/A       1%          3
e - Manifold Assault      Tloc           58%        N/A       3%          5
f - Sting                 Tmut/Pois      100%       1d8       1%          1
g - Passwall              Tmut/Erth      48%        N/A       1%          2
h - Call Imp              Summ           58%        N/A       1%          2
i - Mephitic Cloud        Conj/Pois/Air  58%        N/A       1%          3
j - Lightning Bolt        Conj/Air       29%        1d45      3%          5
k - Hydra Form            Tmut           29%        N/A       3%          5
l - Conjure Ball Lightni  Conj/Air       29%        3x3d8     22%         6
Your spell library was empty.

Dungeon Overview and Level Annotations

Branches:
Dungeon (12/15)            Temple (0/1) D:4            Lair (6/6) D:8
 Shoals (0/4) Lair:4       Spider (0/4) Lair:3        Slime (0/5) Lair:5
    Orc (1/2) D:12         Bailey (visited)         Gauntlet (visited)

Altars:
Sif Muna
Wu Jian
Jiyva

Shops:
D:6 [

Annotations:
D:11 exclusion: hydra
Lair:2 exclusion: oklob plant
Lair:6 1 runed translucent door


Innate Abilities, Weirdness & Mutations

You are immune to poison.
Your flesh is very heat resistant. (rF++)
You are vulnerable to cold. (rC-)
You float through the air rather than walking.
You learn spells naturally, not from books.
Your magical power is your life essence.
You have superior vitality. (+4 HP)


Message History

Unknown command.
Unknown command.
You bump into the rock wall.
The sun demon misses you.
Unknown command.
You hit the orc high priest.
Lightning courses through the orc high priest!
The orc high priest is heavily wounded.
The orc warrior hits you from afar with a +0 halberd!
* * * LOW HITPOINT WARNING * * *
The orc high priest closely misses you.
Unknown command.
You miss the orc high priest.
The orc high priest is heavily wounded.
You feel less invigorated.
You feel less confused. The sun demon closely misses you.
Your magical contamination has completely faded away.
Okay, then.
Unknown command.
Casting: Blink (safe; 1% risk of failure)
Confirm with . or Enter, or press ? or * to list all spells.
You blink.
* * * LOW HITPOINT WARNING * * *
The orc warrior closely misses you. The sun demon hits you.
* * * LOW HITPOINT WARNING * * *
You are engulfed in flames.
You resist.
* * * LOW HITPOINT WARNING * * *
Unknown command.
Casting: Blink (safe; 1% risk of failure)
Confirm with . or Enter, or press ? or * to list all spells.
You blink.
* * * LOW HITPOINT WARNING * * *
Casting: Blink (safe; 1% risk of failure)
Confirm with . or Enter, or press ? or * to list all spells.
You blink.
* * * LOW HITPOINT WARNING * * *
The sun demon hits you!
* * * LOW HITPOINT WARNING * * *
You are engulfed in flames.
You resist.
You die...

#### ##.§## #§3§.# #
##o@§##.#.. #####
#§o§§.....
##...####§§§......
##.....#.#§§§....$.
#....$...§#§§§..... .
###.$......#$..#.....
..##..........[#.##.....
.............<[##.......
....$..^................


You could see an orc high priest, a sun demon (summoned) and an orc warrior.

Vanquished Creatures
  Nessos (Lair:6)
  A minotaur (Gauntlet)
  Erolcha (D:12)
  Fannar (D:11)
  A boulder beetle (D:6)
  8 hydras
  4 two-headed ogres
  5 death yaks
  Urug (Lair:5)
  2 lindwurms (Lair:6)
  An orc knight (D:12)
  A manticore (D:12)
  A cyclops (D:12)
  A merfolk siren (Lair:4)
  Maurice (D:11)
  2 centaur zombies
  5 black mambas
  11 elephants
  4 torpor snails (Lair:6)
  14 cane toads
  A gargoyle (D:11)
  6 komodo dragons
  An unseen horror (D:12)
  A rime drake (Lair:3)
  3 meliai (Gauntlet)
  3 tyrant leeches (Lair:6)
  3 trolls
  7 polar bears
  23 blink frogs
  7 hornets (Lair:6)
  6 slime creatures (D:12)
  Grinder (D:6)
  Sigmund (D:6)
  A shadow (Gauntlet)
  60 yaks
  2 wyverns
  2 wraiths (D:12)
  5 basilisks
  5 vampire mosquitoes (D:12)
  3 steam dragons
  Grum (D:10)
  A warg (D:12)
  14 water moccasins
  24 orc warriors
  A black bear (D:8)
  2 ice beasts
  2 sky beasts
  3 ogres
  8 wolves
  A phantom (D:5)
  12 centaurs
  A kobold brigand (D:9)
  11 bullfrogs
  3 gnoll sergeants
  3 scorpions
  2 water moccasin skeletons
  2 wights (D:7)
  18 killer bees (D:10)
  4 electric eels
  2 bullfrog zombies (D:5)
  13 orc priests
  A centaur skeleton (D:6)
  2 bullfrog skeletons
  A gnoll shaman (D:8)
  2 hounds (D:6)
  An iron imp (Gauntlet)
  4 iguanas
  14 orc wizards
  A centaur simulacrum (D:9)
  2 howler monkey zombies
  3 adders
  14 gnolls
  A howler monkey skeleton (D:6)
  A white imp (D:5)
  A howler monkey simulacrum (D:9)
  A worm (D:3)
  66 orcs
  6 endoplasms
  4 giant cockroaches
  12 goblins
  6 hobgoblins
  3 jackals (D:2)
  4 quokkas
  10 ball pythons
  2 bats
  4 frilled lizards
  10 kobolds
  3 rats
514 creatures vanquished.

Vanquished Creatures (collateral kills)
  A torpor snail (Lair:6)
  2 cane toads
  A komodo dragon (Lair:1)
  A queen bee (D:10)
  A wraith (D:12)
  A vampire mosquito (D:12)
  An ice beast (D:7)
  A bullfrog (Lair:3)
  5 killer bees (D:10)
  2 wights (D:7)
  A jelly (D:5)
  An iguana (D:5)
  A gnoll (D:10)
  2 orcs
  A kobold (D:9)
22 creatures vanquished.

Vanquished Creatures (others)
  An ice beast (D:9)
  2 killer bees (D:10)
  An ufetubus (D:9)
  An orc (D:9)
  16 ball lightnings
  A bush (Lair:6)
  49 fungi
  56 plants
127 creatures vanquished.

Grand Total: 663 creatures vanquished

Notes
Turn   | Place    | Note
-------+----------+-------------------------------------------
     0 | D:1      | Jannitor the Djinni Warper began the quest for the Orb.
     0 | D:1      | Reached XP level 1. HP: 18/18 MP: 0/0
   203 | D:1      | Reached XP level 2. HP: 11/23 MP: 0/0
  1077 | D:2      | Found a faded altar of an unknown god.
  1087 | D:2      | Reached skill level 1 in Shields
  1093 | D:2      | Became a worshipper of the Wu Jian Council
  1093 | D:2      | Reached * piety under Wu Jian
  1295 | D:2      | Reached XP level 3. HP: 15/28 MP: 0/0
  1295 | D:2      | Learned a level 1 spell: Sting
  2296 | D:3      | Reached ** piety under Wu Jian
  2333 | D:3      | Reached XP level 4. HP: 31/33 MP: 0/0
  2718 | D:3      | Reached XP level 5. HP: 12/38 MP: 0/0
  2718 | D:3      | Learned a level 2 spell: Passwall
  3738 | D:4      | Noticed an ogre
  3796 | D:5      | Entered Level 5 of the Dungeon
  3910 | D:4      | Found a staircase to the Ecumenical Temple.
  4250 | D:4      | Reached XP level 6. HP: 43/43 MP: 0/0
  5383 | D:5      | Reached XP level 7. HP: 38/49 MP: 0/0
  5383 | D:5      | Learned a level 2 spell: Call Imp
  7050 | D:5      | Reached skill level 5 in Spellcasting
  7350 | D:5      | Reached skill level 5 in Short Blades
  7350 | D:5      | Reached XP level 8. HP: 16/54 MP: 0/0
  7576 | D:6      | Noticed a boulder beetle
  7651 | D:6      | Found Voghoera's Antique Armour Boutique.
  7658 | D:6      | Killed a boulder beetle
  7875 | D:6      | Reached XP level 9. HP: 46/61 MP: 0/0
  7875 | D:6      | Learned a level 3 spell: Mephitic Cloud
  7975 | D:6      | Noticed Sigmund
  7982 | D:6      | Killed Sigmund
  8301 | D:6      | Noticed Grinder
  8395 | D:6      | Paralysed by Grinder for 2 turns
  8407 | D:6      | Paralysed by Grinder for 4 turns
  8421 | D:6      | Killed Grinder
  9382 | D:7      | Reached skill level 5 in Dodging
  9442 | D:7      | Reached *** piety under Wu Jian
  9554 | D:7      | Identified a scroll of acquirement
  9559 | D:7      | Acquired the +3 pair of gloves of Ratymysehi {Contam rElec
                  | rC+}
  9626 | D:8      | Reached skill level 5 in Fighting
  9626 | D:8      | Reached XP level 10. HP: 67/70 MP: 0/0
  9869 | D:8      | Noticed a two-headed ogre
  9903 | D:8      | Killed a two-headed ogre
 10177 | D:8      | Noticed an elephant
 10202 | D:8      | Killed an elephant
 10203 | D:8      | Reached skill level 5 in Stealth
 10246 | D:8      | Found a staircase to the Lair.
 10599 | D:9      | Noticed a two-headed ogre
 10911 | D:9      | Reached skill level 2 in Armour
 11007 | D:9      | Noticed an eight-headed hydra
 11145 | D:9      | Reached XP level 11. HP: 69/78 MP: 0/0
 11145 | D:9      | Learned a level 5 spell: Lightning Bolt
 11148 | D:9      | Reached **** piety under Wu Jian
 11520 | D:9      | Killed a two-headed ogre
 11625 | D:9      | Reached skill level 3 in Armour
 11846 | D:10     | Entered Level 10 of the Dungeon
 11863 | D:10     | Noticed Grum
 11957 | D:10     | Killed Grum
 12180 | D:10     | Reached ***** piety under Wu Jian
 12551 | D:11     | Noticed Maurice
 12551 | D:11     | Noticed Fannar
 12556 | D:11     | Killed Maurice
 12666 | D:11     | Reached skill level 4 in Armour
 12784 | D:11     | Killed Fannar
 12833 | D:11     | Paralysed by a centaur for 6 turns
 13141 | D:11     | Noticed a six-headed hydra
 13308 | Lair:1   | Entered Level 1 of the Lair of Beasts
 13492 | Lair:1   | Reached XP level 12. HP: 67/85 MP: 0/0
 13492 | Lair:1   | Upgraded the game from 0.27-a0-926-g0e6d9124c6 to
                  | 0.27-a0-972-gd1521fd518
 13686 | Lair:1   | Noticed a six-headed hydra
 13837 | Lair:2   | Found a gate leading to a gauntlet.
 13846 | Gauntlet | Entered a Gauntlet
 13846 | Gauntlet | Found a transporter.
 13854 | Gauntlet | Found a transporter.
 13855 | Gauntlet | Found a transporter.
 13874 | Gauntlet | Found a transporter.
 13883 | Gauntlet | Found a transporter.
 13899 | Gauntlet | Found a transporter.
 13903 | Gauntlet | Found a transporter.
 13905 | Gauntlet | Found a transporter.
 13920 | Gauntlet | Noticed a reaper
 13924 | Gauntlet | Found a transporter.
 13934 | Gauntlet | Noticed a thrashing horror
 13936 | Gauntlet | Found a transporter.
 13943 | Gauntlet | Noticed a thrashing horror
 13955 | Gauntlet | Found a transporter.
 13967 | Gauntlet | Found a runed translucent door.
 13969 | Gauntlet | Found a transporter.
 13969 | Gauntlet | Found a transporter.
 13971 | Gauntlet | Found a runed translucent door.
 14089 | Gauntlet | Identified Sif Muna's Guide on Mutagenic Confrontation
 14109 | Gauntlet | Identified the ring "Noduism" {rPois rC+ rCorr Int+4
                  | Stlth-}
 14129 | Gauntlet | Reached skill level 5 in Armour
 14391 | Gauntlet | Identified the +10 ring mail of Cocytus {+Blink}
 14391 | Gauntlet | Noticed a minotaur
 14480 | Gauntlet | Killed a minotaur
 14560 | Gauntlet | Identified the +6 chain mail of Trumpets {Dex+2}
 14565 | Gauntlet | Identified the +1 leather armour of Insecurity {-Tele Harm
                  | rCorr SInv}
 14565 | Gauntlet | Identified the Grimoire of Mutagenic Malediction
 14974 | Lair:1   | You are sucked into a shaft and drop 1 floor!
 15065 | Lair:2   | Reached skill level 6 in Armour
 15963 | Lair:3   | Reached skill level 7 in Armour
 16262 | Lair:3   | Reached XP level 13. HP: 79/93 MP: 0/0
 16262 | Lair:3   | Learned a level 5 spell: Hydra Form
 16418 | Lair:3   | Found a hole to the Spider Nest.
 16438 | Lair:3   | Reached ****** piety under Wu Jian
 17230 | Lair:4   | Reached skill level 8 in Armour
 17562 | D:6      | Bought the +2 hat of the Bear Spirit {Spirit, +Rage rN+
                  | Will++} for 938 gold pieces
 17562 | D:6      | Found the +2 hat of the Bear Spirit {Spirit, +Rage rN+
                  | Will++}
 18361 | Lair:4   | Found a staircase to the Shoals.
 18505 | Lair:5   | Noticed Urug
 18519 | Lair:5   | Killed Urug
 18751 | Lair:5   | Reached skill level 10 in Short Blades
 18751 | Lair:5   | Reached skill level 9 in Armour
 19238 | Lair:5   | Found a staircase to the Slime Pits.
 19238 | Lair:5   | Found a viscous altar of Jiyva.
 19491 | Lair:6   | Entered Level 6 of the Lair of Beasts
 19523 | Lair:5   | Reached XP level 14. HP: 47/102 MP: 0/0
 19711 | Lair:6   | Noticed Nessos
 19724 | Lair:6   | Killed Nessos
 19795 | Lair:6   | Reached skill level 10 in Armour
 19820 | Lair:6   | Reached skill level 10 in Fighting
 20477 | Lair:6   | Found a runed translucent door.
 20517 | Lair:6   | Reached skill level 10 in Spellcasting
 21273 | D:12     | Noticed Erolcha
 21281 | D:12     | Killed Erolcha
 21378 | D:12     | Found a flagged portal.
 21387 | Bailey   | Entered a bailey
 21602 | Bailey   | Reached skill level 11 in Armour
 22959 | D:12     | Found a staircase to the Orcish Mines.
 23009 | Orc:1    | Entered Level 1 of the Orcish Mines
 23120 | D:12     | Reached XP level 15. HP: 103/109 MP: 0/0
 23120 | D:12     | Learned a level 6 spell: Conjure Ball Lightning
 23361 | Orc:1    | HP: 2/109 [sun demon[an orc high priest] (8)]
 23361 | Orc:1    | Slain by a sun demon

Illustrated notes

Levels and vault maps discovered:
D:1:      lightli_molten_gateway, layout_basic
D:2:      layout_loops_ring, basic_ecumenical_altar, minmay_goblin_kobold_house
D:3:      layout_basic
D:4:      layout_basic, minmay_temple_entry_proselytizer, chequers_garden,
          minivault_19
D:5:      layout_rooms
D:6:      layout_rooms, serial_shops, shop, uniq_grinder, uniq_sigmund
D:7:      layout_basic
D:8:      layout_loops_ring, lemuel_blue_sif_altar, david_lair_generic,
          bh_walls_and_bars
D:9:      layout_irregular_city, serial_ice, serial_ice_b, serial_ice_i,
          serial_ice_n, serial_ice_a, serial_ice_c, serial_ice_e
D:10:     layout_roguey [special_room_bee], uniq_grum
D:11:     layout_cross, uniq_maurice, uniq_fannar
D:12:     layout_long_grid, erik_orc_2, enter_bailey_3, uniq_erolcha
Lair:1:   layout_hall_layers, grunt_megastairs_5
Lair:2:   layout_cave_pods, gauntlet_entry_generic, serial_bayou_pond_c,
          grunt_megastairs_1, minmay_lair_oklob_chamber, serial_bayou_shore_b,
          lemuel_fruit_fields
Lair:3:   layout_cave_pods, spider_nest_entry_a, lemuel_fruit_fields
Lair:4:   layout_regular_city, minmay_shoals_entry_lonely_mermaid
Lair:5:   layout_small_grid, slime_altar_1, grunt_megastairs_4, uniq_urug
Lair:6:   wormcave, layout_misc_corridors, grunt_megastairs_3, uniq_nessos
Orc:1:    layout_diamond_mine, lemuel_statue_altar

Skill      XL: |  1  2  3  4  5  6  7  8  9 10 11 12 13 14 |
---------------+-------------------------------------------+-----
Short Blades   | 2 3 5 6 7 8 9 10 | 10.9
Shields        | 1 2 3 4 |  4.0
Spellcasting   | 3 4 5 6 7 8 9 10 | 10.3
Fighting       | 3 5 6 7 8 9 10 | 10.7
Dodging        | 3 5 7 8 |  8.6
Stealth        | 2 4 5 6 7 8 9 |  9.6
Armour         | 2 4 7 9 11 | 11.4
Throwing       | |  0.9

Action                   |  1- 3 |  4- 6 |  7- 9 | 10-12 | 13-15 || total
-------------------------+-------+-------+-------+-------+-------++-------
Melee: Short sword       |   118 |       |       |       |       ||   118
       Rapier            |    36 |   164 |   272 |   922 |       ||  1394
       Dagger            |       |       |       |   155 |   637 ||   792
       Unarmed           |       |       |       |       |    11 ||    11
Throw: Dart              |       |       |       |     1 |       ||     1
 Cast: Sting             |       |    21 |    26 |    32 |     6 ||    85
       Blink             |       |     2 |     6 |    21 |    13 ||    42
       Call Imp          |       |       |    37 |    55 |    17 ||   109
       Mephitic Cloud    |       |       |     9 |    92 |    38 ||   139
       Manifold Assault  |       |       |       |    40 |    65 ||   105
       Teleport Other    |       |       |       |    11 |     2 ||    13
       Gell's Gravitas   |       |       |       |     5 |     1 ||     6
       Lightning Bolt    |       |       |       |       |   219 ||   219
       Hydra Form        |       |       |       |       |     1 ||     1
       Conjure Ball Ligh |       |       |       |       |     6 ||     6
Invok: Whirlwind         |    18 |    12 |    25 |    77 |    24 ||   156
       Lunge             |    10 |    11 |    19 |    67 |    33 ||   140
       Serpent's Lash    |       |       |       |     1 |       ||     1
 Abil: Wall Jump         |       |     1 |       |       |       ||     1
Evoke: Wand              |       |       |       |     1 |       ||     1
  Use: Scroll            |     3 |       |     8 |     6 |    12 ||    29
       Potion            |       |     2 |     1 |     8 |     3 ||    14
 Stab: Invisible         |       |     2 |       |     3 |       ||     5
       Confused          |       |       |     6 |    98 |    20 ||   124
       Sleeping          |       |       |     2 |     3 |     2 ||     7
       Distracted        |       |       |       |     4 |     4 ||     8
Armor: Leather armour    |    30 |    42 |    51 |   198 |       ||   321
       Ring mail         |       |       |       |    50 |   153 ||   203
       Skin              |       |       |       |       |     1 ||     1
Dodge: Dodged            |    66 |    85 |   131 |   630 |   330 ||  1242
Block: Buckler           |    29 |    20 |    52 |   200 |    98 ||   399

Table legend: (Time is in decaauts)
 A = Elapsed time spent in this place.
 B = Non-inter-level travel time spent in this place.
 C = Inter-level travel time spent in this place.
 D = Time resting spent in this place.
 E = Time spent auto-exploring this place.
 F = Levels seen in this place.
 G = Mean time per level.
                   A        B        C        D        E       F      G
               +--------+--------+--------+--------+--------+-----+--------+
         Total |  22948 |  21578 |   1370 |   5478 |  11074 |  21 | 1092.8 |
       Dungeon |  14996 |  14127 |    869 |   4185 |   6866 |  12 | 1249.7 |
          Lair |   6748 |   6247 |    501 |    936 |   3932 |   6 | 1124.7 |
  Orcish Mines |     63 |     63 |      0 |      0 |      0 |   1 |   63.0 |
        Bailey |    446 |    446 |      0 |     35 |    189 |   1 |  446.0 |
      Gauntlet |    693 |    693 |      0 |    322 |     87 |   1 |  693.0 |
               +--------+--------+--------+--------+--------+-----+--------+

Top non-repeatable levels by time:
     D:4: 2451 daAuts
     D:5: 2013 daAuts
    D:12: 1464 daAuts
     D:8: 1452 daAuts
     D:3: 1433 daAuts
  Lair:6: 1389 daAuts
  Lair:3: 1263 daAuts
  Lair:2: 1177 daAuts
     D:2: 1100 daAuts
     D:9: 1027 daAuts
  Lair:5: 1009 daAuts
  Lair:4: 975 daAuts
     D:1: 965 daAuts
  Lair:1: 931 daAuts
     D:6: 920 daAuts
